 Dungeon Crawl Stone Soup version 0.19.1 (webtiles) character file.

43130 Krapule the Covert (level 14, -5/95 HPs)
             Began as an Octopode Transmuter on Dec 14, 2016.
             Was a High Priest of Cheibriados.
             Hit by a large rock thrown by a cyclops (34 damage)
             ... on level 11 of the Dungeon on Dec 15, 2016.
             The game lasted 02:17:42 (24873 turns).

Krapule the Covert (Octopode Transmuter)           Turns: 24873, Time: 02:17:43

Health: -5/95      AC:  2    Str: 23    XL:     14   Next: 22%
Magic:  22/23      EV: 28    Int: 31    God:    Cheibriados [*****.]
Gold:   1405       SH:  0    Dex: 24    Spells: 5 memorised, 11 levels left

rFire  . . .     SeeInvis .       - Unarmed
rCold  + . .     Gourm    .     (shield currently unavailable)
rNeg   + . .     Faith    .     Y - +1 hat
rPois  .         Spirit   .     R - amulet of regeneration
rElec  .         Reflect  .     A - ring of stealth
rCorr  .         Harm     .     p - ring of protection from cold
MR     +....                    D - ring of stealth
Stlth  ++++++++..               S - +6 ring of evasion
                                T - ring of positive energy
                                (no ring)
                                (no ring)
                                (no ring)

@: about to teleport, blade tentacles, very slow
A: almost no armour, stealthy swim, amphibious, 8 rings, constrict 8, camouflage
1, gelatinous body 1
a: End Transformation, Bend Time, Temporal Distortion, Slouch, Step From Time,
Renounce Religion


You were on level 11 of the Dungeon.
You worshipped Cheibriados.
Cheibriados was extremely pleased with you.
You were hungry.
You had blades for tentacles.
You visited 3 branches of the dungeon, and saw 17 of its levels.
You also visited: Sewer, Ossuary and Volcano.

You collected 1798 gold pieces.
You spent 393 gold pieces at shops.

Inventory:

Missiles
 a - 100 arrows
 H - 3 throwing nets (quivered)
Armour
 z - a +0 shield
 Y - a +1 hat (worn)
Jewellery
 i - an uncursed amulet of magic regeneration
 p - a ring of protection from cold (right scythe-like blade)
 A - a ring of stealth (left scythe-like blade)
 D - a ring of stealth (on tentacle)
 M - a +2 amulet of reflection
 R - an amulet of regeneration (around mantle)
 S - a +6 ring of evasion (on tentacle)
 T - a ring of positive energy (on tentacle)
Wands
 u - a wand of teleportation (2/9)
 P - a wand of lightning (6/15)
 V - a wand of lightning (1/15)
 X - a wand of iceblast (13/15)
Scrolls
 f - a scroll of amnesia
 q - 8 scrolls of remove curse
 r - 2 scrolls of fear
 s - a scroll of fog
 t - a scroll of magic mapping
 x - 5 scrolls of enchant weapon
 y - a scroll of enchant armour
 I - 2 scrolls of holy word
 K - 4 scrolls of blinking
Potions
 d - 6 potions of flight
 g - 7 potions of curing
 h - 3 potions of agility
 j - 5 potions of mutation
 l - 7 potions of heal wounds
 n - 2 potions of brilliance
 v - 2 potions of lignification
 C - 3 potions of cancellation {unknown}
 F - 2 potions of resistance {unknown}
 G - 2 potions of might
 U - a potion of ambrosia {unknown}
 W - a potion of degeneration {unknown}
Books
 b - a book of Changes

   Spells                             Type                      Level
   a - Beastly Appendage              Transmutation                1
   b - Sticks to Snakes               Transmutation                2
   c - Spider Form                    Transmutation/Poison         3
   d - Ice Form                       Ice/Transmutation            4
   e - Blade Hands                    Transmutation                5
 w - a book of Conjurations

   Spells                             Type                      Level
   a - Magic Dart                     Conjuration                  1
   b - Searing Ray                    Conjuration                  2
   c - Dazzling Spray                 Conjuration/Hexes            3
   d - Fulminant Prism                Conjuration/Hexes            4
   e - Iskenderun's Mystic Blast      Conjuration                  4
   f - Iskenderun's Battlesphere      Conjuration/Charms           5
 J - a book of Battle

   Spells                             Type                      Level
   a - Infusion                       Charms                       1
   b - Shroud of Golubria             Charms/Translocation         2
   c - Song of Slaying                Charms                       2
   d - Spectral Weapon                Hexes/Charms                 3
   e - Regeneration                   Charms/Necromancy            3
 L - a book of Air

   Spells                             Type                      Level
   a - Shock                          Conjuration/Air              1
   b - Swiftness                      Charms/Air                   2
   c - Repel Missiles                 Charms/Air                   2
   d - Static Discharge               Conjuration/Air              3
   e - Lightning Bolt                 Conjuration/Air              5
 Q - a book of Maledictions

   Spells                             Type                      Level
   a - Corona                         Hexes                        1
   b - Ensorcelled Hibernation        Hexes/Ice                    2
   c - Confuse                        Hexes                        3
   d - Tukima's Dance                 Hexes                        3
   e - Dazzling Spray                 Conjuration/Hexes            3
Comestibles
 c - 4 bread rations
 m - 5 beef jerkies
 o - 3 slices of pizza
 B - 13 royal jellies
 E - 6 fruits
 O - 5 meat rations


   Skills:
 + Level 8.5 Fighting
 + Level 9.6 Dodging
 + Level 10.8 Stealth
 + Level 8.1 Shields
 + Level 9.9 Unarmed Combat
 - Level 6.0 Spellcasting
 - Level 4.0 Charms
 + Level 5.1 Necromancy
 - Level 10.0 Transmutations
 + Level 8.7 Invocations


You had 11 spell levels left.
You knew the following spells:

 Your Spells              Type           Power        Failure   Level  Hunger
a - Blade Hands           Tmut           ######....   21%         5    #####..
b - Beastly Appendage     Tmut           ######       8%          1    None
e - Regeneration          Chrm/Necr      #####.....   21%         3    None
q - Spider Form           Tmut/Pois      #####.....   21%         3    None
z - Sticks to Snakes      Tmut           ######..     8%          2    None


Dungeon Overview and Level Annotations

Branches:
Dungeon (11/15)            Temple (0/1) D:7            Lair (4/6) D:10
  Swamp (0/4) Lair:3       Spider (0/4) Lair:2          Orc (2/2) D:9
    Elf (0/3) Orc:2

Altars:
Cheibriados
Elyvilon
Fedhas
Gozag
Hepliaklqana
Makhleb
Qazlal
Ru
Sif Muna
Trog
Uskayaw
Vehumet
Xom
Yredelemnul
Zin
The Shining One
Beogh

Shops:
D:8 !   D:9 ?   Orc:2 [[([

Annotations:
D:6 Philosophy's ghost, novice FoFi
D:7 Philosophy's ghost, novice FoFi
D:9 Yurafenix's ghost, novice MiFi
Lair:4 Kirke


Innate Abilities, Weirdness & Mutations

You cannot wear most types of armour.
You are very stealthy in the water. (Stealth+)
You are amphibious.
You can wear up to eight rings at the same time.
You can use your tentacles to constrict eight enemies at once.
Your skin changes colour to match your surroundings (Stealth+).
Your rubbery body absorbs attacks. (AC +1, EV +1)


Message History

Something hits you!
You slash something! You slash something. Something misses you.
Something hits you but does no damage.
A cyclops comes into view.
Something closely misses you. Something closely misses you.
The cyclops throws a large rock.
The large rock completely misses you.
The cyclops throws a large rock.
The large rock hits you!!
* * * LOW HITPOINT WARNING * * *
You see here a large rock.
Evoke which item? (* to show all) (? for menu, Esc to quit)
You have no means to grasp a wand firmly enough.
Unknown command.
As you read the scroll of teleportation, it crumbles to dust.
You feel strangely unstable. Something barely misses you. Something hits you.
* * * LOW HITPOINT WARNING * * *
Something closely misses you.
The cyclops throws a large rock.
The large rock completely misses you.
The cyclops throws a large rock.
The large rock hits you!!
You die...

.....................#...####
............###.............###
.$.........##
####.C..†..#....###
.......<..## ##..[...####....
...†.....## #...#...# ####.
.......### ##..##...# ##
.....### #...##...# ######
##(.###...# ##@.## #...########
###.(.# #.(###...... ##.)[.##
#........... ###.†.).#
#........... ##......##
#..#........ #....).##
#..#........ ####...#
#..#........ ##..##
#..#........ #...# #..#........


You could see a cyclops.

Vanquished Creatures
  2 orc warlords (Orc:2)
  The ghost of Uhlv the Grappler, a journeyman TrHu of Makhleb (Lair:2)
  The ghost of Ladykiller69 the Slicer, a journeyman HEAs of Uskayaw (D:11)
  A hydra (Lair:3)
  Erica (D:8)
  Sonja (Lair:4)
  A sun demon (Volcano)
  4 orc knights
  7 orc sorcerers
  An ugly thing (Volcano)
  A cyclops (D:9)
  2 black mambas
  5 spiny frogs
  2 molten gargoyles (Volcano)
  A rime drake (Lair:2)
  6 komodo dragons
  2 red devils (Volcano)
  9 trolls
  Grinder (D:4)
  8 blink frogs
  5 hippogriffs
  2 wyverns
  A fire bat (Volcano)
  35 yaks
  A hungry ghost (D:10)
  4 wargs
  4 vampire mosquitoes (Lair:3)
  6 water moccasins
  A hell hound (Volcano)
  11 porcupines
  37 orc warriors
  Purgy (D:3)
  3 phantoms
  A necrophage (D:11)
  10 ogres
  A sky beast (D:8)
  An eye of draining (D:10)
  12 wolves
  4 centaurs
  7 crocodiles
  2 big kobolds
  15 bullfrogs
  A wyvern zombie (D:10)
  A gnoll sergeant (D:10)
  4 scorpions
  5 wights (D:11)
  9 killer bees (D:9)
  4 howler monkeys
  2 lava snakes (Volcano)
  A vampire bat (D:6)
  7 crimson imps
  4 centaur zombies
  2 quasits
  8 hounds
  A bullfrog skeleton (D:5)
  3 centaur skeletons
  20 orc priests
  4 jellies
  A bullfrog zombie (D:5)
  4 iguanas
  9 worker ants
  27 orc wizards
  2 big kobold zombies (Ossuary)
  A killer bee zombie (D:7)
  3 hound skeletons
  A hound zombie (D:8)
  4 mummies (Ossuary)
  A worker ant zombie (D:9)
  7 gnolls
  2 river rats (Sewer)
  20 adders
  2 shadow imps
  7 oozes
  3 adder skeletons
  3 worms
  4 leopard geckos
  88 orcs
  5 giant cockroaches
  6 goblins
  4 hobgoblins
  22 jackals
  8 quokkas
  2 ball pythons
  7 bats
  2 frilled lizards (D:1)
  4 hobgoblin zombies (Ossuary)
  8 kobolds
  A leopard gecko skeleton (D:4)
  A quokka skeleton (D:5)
  10 rats
566 creatures vanquished.

Vanquished Creatures (collateral kills)
  An orc high priest (Orc:1)
  A hill giant (D:10)
  The ghost of dscm the Shield-Bearer, a novice GrFi (D:4)
  A two-headed ogre (D:8)
  3 yaks
  2 sky beasts
  A black bear (D:8)
  4 orc warriors
  An ice beast (D:8)
  An eye of draining (D:8)
  5 ogres
  A centaur (D:8)
  A bullfrog (D:7)
  A scorpion (D:6)
  6 killer bees
  A vampire bat (D:6)
  A bullfrog zombie (D:6)
  A centaur zombie (D:6)
  2 jellies (D:8)
  6 orc priests
  3 orc wizards
  A gnoll shaman (D:6)
  5 gnolls
  2 leopard geckos
  16 orcs
  3 bats (D:6)
  2 quokkas
  A quokka zombie (D:8)
74 creatures vanquished.

Vanquished Creatures (others)
  8 fungi
  14 plants
22 creatures vanquished.

Grand Total: 662 creatures vanquished

Notes
Turn   | Place    | Note
-------+----------+-------------------------------------------
     0 | D:1      | Krapule the Octopode Transmuter began the quest for the Orb.
     0 | D:1      | Reached XP level 1. HP: 13/13 MP: 3/3
   449 | D:1      | Reached XP level 2. HP: 4/18 MP: 5/5
  1167 | D:1      | Reached XP level 3. HP: 23/23 MP: 6/6
  1251 | D:2      | Found a hazy altar of Hepliaklqana.
  1296 | D:2      | Found a blossoming altar of Fedhas.
  1296 | D:2      | Found a shimmering altar of Xom.
  1297 | D:2      | Found a hide-covered altar of Uskayaw.
  1298 | D:2      | Found a snail-covered altar of Cheibriados.
  1298 | D:2      | Found a sacrificial altar of Ru.
  1299 | D:2      | Found a white marble altar of Elyvilon.
  1306 | D:2      | Became a worshipper of Cheibriados the Contemplative
  1569 | D:2      | Reached skill level 1 in Stealth
  1763 | D:2      | Reached XP level 4. HP: 11/28 MP: 7/7
  1982 | D:2      | Found a radiant altar of Vehumet.
  2020 | D:2      | Found a bloodstained altar of Trog.
  2065 | D:2      | Found an opulent altar of Gozag.
  2588 | D:1      | Learned a level 2 spell: Sticks to Snakes
  2912 | D:3      | Noticed Purgy
  2956 | D:3      | Found a glowing drain.
  2963 | Sewer    | Entered a sewer
  2984 | Sewer    | Reached XP level 5. HP: 13/34 MP: 8/8
  3238 | Sewer    | Noticed a big kobold
  3275 | Sewer    | Killed a big kobold
  3275 | Sewer    | Reached skill level 1 in Invocations
  3373 | Sewer    | Found a glowing silver altar of Zin.
  3465 | D:3      | Reached * piety under Cheibriados
  3584 | D:3      | Killed Purgy
  3584 | D:3      | Reached XP level 6. HP: 27/39 MP: 6/10
  4192 | D:3      | Found a glowing golden altar of the Shining One.
  4200 | D:3      | Found a basalt altar of Yredelemnul.
  4202 | D:3      | Noticed a profane servitor
  4470 | D:4      | Noticed Grinder
  4534 | D:4      | Reached XP level 7. HP: 19/45 MP: 8/11
  4719 | D:4      | Found a stormy altar of Qazlal.
  4956 | D:4      | Learned a level 3 spell: Spider Form
  5118 | D:3      | Reached ** piety under Cheibriados
  5144 | D:4      | Noticed dscm's ghost (novice GrFi)
  5792 | D:4      | Killed Grinder
  5792 | D:4      | Reached XP level 8. HP: 45/52 MP: 9/12
  5900 | D:5      | Entered Level 5 of the Dungeon
  6564 | D:5      | Reached skill level 5 in Transmutations
  6636 | D:5      | Reached skill level 5 in Stealth
  7066 | D:5      | Reached *** piety under Cheibriados
  7293 | D:6      | Reached skill level 1 in Shields
  7321 | D:6      | Noticed Philosophy's ghost (novice FoFi)
  7942 | D:7      | Reached skill level 5 in Unarmed Combat
  7947 | D:7      | Reached XP level 9. HP: 44/58 MP: 7/13
  8176 | D:7      | Found a staircase to the Ecumenical Temple.
  8192 | D:7      | Noticed Philosophy's ghost (novice FoFi)
  8561 | D:6      | Reached **** piety under Cheibriados
 10046 | D:7      | Reached ***** piety under Cheibriados
 10508 | D:4      | Killed dscm's ghost
 10508 | D:4      | Reached skill level 5 in Invocations
 10910 | D:6      | Reached skill level 5 in Dodging
 11480 | D:8      | Found a sand-covered staircase.
 11487 | Ossuary  | Entered an ossuary
 11672 | D:8      | Reached XP level 10. HP: 44/65 MP: 11/14
 13037 | D:8      | Reached ****** piety under Cheibriados
 13224 | D:8      | Found Hamonn's Distillery.
 13227 | D:8      | Bought a potion of heal wounds for 60 gold pieces
 13238 | D:8      | Noticed Erica
 13268 | D:8      | Killed Erica
 13268 | D:8      | Reached skill level 5 in Fighting
 13445 | D:8      | Found a deep blue altar of Sif Muna.
 14006 | D:9      | Found a glowing silver altar of Zin.
 14026 | D:9      | Learned a level 5 spell: Blade Hands
 14029 | D:9      | Found a burning altar of Makhleb.
 14030 | D:9      | Noticed an angel
 14032 | D:9      | Noticed a green death
 14187 | D:9      | Found Fiuru's Magic Scroll Shoppe.
 14191 | D:9      | Bought a scroll of identify for 28 gold pieces
 14191 | D:9      | Bought a scroll of identify for 28 gold pieces
 14191 | D:9      | Bought a scroll of identify for 28 gold pieces
 14191 | D:9      | Bought a scroll of identify for 28 gold pieces
 14191 | D:9      | Bought a scroll of identify for 28 gold pieces
 14191 | D:9      | Bought a scroll of identify for 28 gold pieces
 14208 | D:9      | Noticed Yurafenix's ghost (novice MiFi)
 14338 | D:9      | Found a staircase to the Orcish Mines.
 14708 | D:9      | HP: 2/66 [killer bee (8)]
 15209 | D:10     | Entered Level 10 of the Dungeon
 15368 | D:10     | Reached XP level 11. HP: 53/71 MP: 15/17
 15421 | D:10     | Found a staircase to the Lair.
 15451 | D:10     | Noticed a hill giant
 15459 | D:10     | Killed a hill giant
 15495 | D:10     | Reached skill level 5 in Shields
 15870 | Lair:1   | Entered Level 1 of the Lair of Beasts
 15913 | Lair:1   | Reached skill level 5 in Spellcasting
 16032 | Lair:1   | Found a dark tunnel.
 16039 | Volcano  | Entered a volcano
 16149 | Volcano  | HP: 3/71 [fire bat (6)]
 16272 | Volcano  | Found a burning altar of Makhleb.
 16272 | Volcano  | Noticed a sun demon
 16272 | Volcano  | Noticed a red ugly thing
 16285 | Volcano  | Killed a sun demon
 16287 | Volcano  | Noticed an orc sorcerer
 16289 | Volcano  | Killed an orc sorcerer
 16393 | Volcano  | Killed a red ugly thing
 16629 | Lair:1   | Reached XP level 12. HP: 75/77 MP: 20/20
 16661 | Lair:1   | Noticed an eight-headed hydra
 16963 | Lair:1   | Reached skill level 10 in Stealth
 17533 | Lair:2   | Noticed Uhlv's ghost (journeyman TrHu)
 17546 | Lair:2   | Killed Uhlv's ghost
 17704 | Lair:2   | Found a hole to the Spider Nest.
 18651 | Lair:3   | Noticed a four-headed hydra
 18783 | Lair:3   | Killed a four-headed hydra
 18923 | Lair:3   | Learned a level 3 spell: Regeneration
 19072 | Lair:3   | Found a staircase to the Swamp.
 19081 | Lair:3   | Reached skill level 1 in Charms
 19082 | Lair:3   | Reached skill level 1 in Necromancy
 19746 | Lair:3   | Reached skill level 10 in Transmutations
 19895 | Lair:4   | Noticed Sonja
 19903 | Lair:4   | Killed Sonja
 20128 | Lair:4   | Noticed a catoblepas
 20171 | Lair:4   | Reached XP level 13. HP: 85/85 MP: 22/22
 20656 | Lair:4   | Noticed Kirke
 21220 | D:11     | Noticed Ladykiller69's ghost (journeyman HEAs)
 21497 | D:11     | Killed Ladykiller69's ghost
 21798 | Orc:1    | Entered Level 1 of the Orcish Mines
 22557 | Orc:2    | Entered Level 2 of the Orcish Mines
 22597 | Orc:2    | Found a roughly hewn altar of Beogh.
 22637 | Orc:2    | Noticed an orc warlord
 22653 | Orc:2    | Killed an orc warlord
 23095 | Orc:2    | Found a roughly hewn altar of Beogh.
 23112 | Orc:2    | Found a roughly hewn altar of Beogh.
 23157 | Orc:2    | Found a roughly hewn altar of Beogh.
 23160 | Orc:2    | Found Extal's Armour Shoppe.
 23173 | Orc:2    | Bought a +1 hat for 165 gold pieces
 23373 | Orc:2    | Found a roughly hewn altar of Beogh.
 23496 | Orc:2    | Found a roughly hewn altar of Beogh.
 23532 | Orc:2    | Found a roughly hewn altar of Beogh.
 23675 | Orc:2    | Found Vonejoil's Antique Armour Emporium.
 23757 | Orc:2    | Reached XP level 14. HP: 52/94 MP: 15/23
 23843 | Orc:2    | Found a staircase to the Elven Halls.
 23979 | Orc:2    | Noticed an orc warlord
 24062 | Orc:2    | Killed an orc warlord
 24094 | Orc:2    | Found Etesur's Antique Armour Shop.
 24094 | Orc:2    | Found a roughly hewn altar of Beogh.
 24095 | Orc:2    | Found Qayseg's Antique Weapon Boutique.
 24779 | D:11     | Reached skill level 5 in Necromancy
 24873 | D:11     | Hit by a large rock thrown by a cyclops

Skill      XL: |  1  2  3  4  5  6  7  8  9 10 11 12 13 14 |
---------------+-------------------------------------------+-----
Stealth        | 1 2 3 4 5 6 8 9 10 | 10.8
Transmutations | 3 4 6 7 8 9 10 | 10.0
Invocations    | 1 2 3 4 5 7 8 |  8.7
Fighting       | 2 3 4 5 6 8 |  8.5
Dodging        | 3 4 5 6 7 8 9 |  9.6
Unarmed Combat | 4 5 6 7 8 9 |  9.9
Spellcasting   | 3 4 5 6 |  6.0
Shields        | 1 3 4 5 6 7 8 |  8.1
Charms         | 2 4 |  4.0
Necromancy     | 2 4 5 |  5.1

Action                   |  1- 3 |  4- 6 |  7- 9 | 10-12 | 13-15 || total
-------------------------+-------+-------+-------+-------+-------++-------
Melee: Unarmed           |    82 |   142 |   326 |   359 |   330 ||  1239
       Constrict         |    16 |    27 |    75 |    67 |    62 ||   247
       Tentacles         |     8 |    32 |   116 |   107 |    96 ||   359
       Punch             |     1 |     5 |    18 |    34 |    47 ||   105
       Kick              |       |    11 |    60 |    20 |       ||    91
 Cast: Sticks to Snakes  |       |     6 |    29 |    56 |    22 ||   113
       Beastly Appendage |       |     6 |    28 |     6 |       ||    40
       Spider Form       |       |       |     3 |     3 |       ||     6
       Blade Hands       |       |       |       |    41 |    31 ||    72
       Regeneration      |       |       |       |       |     5 ||     5
Invok: Slouch            |       |       |       |     8 |    12 ||    20
       Temporal Distorti |       |       |       |     2 |       ||     2
       Step From Time    |       |       |       |     1 |       ||     1
       Bend Time         |       |       |       |     1 |       ||     1
Evoke: Wand              |       |     4 |     1 |     1 |     3 ||     9
  Use: Scroll            |       |     9 |    10 |    13 |     2 ||    34
       Potion            |       |       |     2 |     5 |     2 ||     9
 Stab: Sleeping          |     5 |     5 |    16 |    23 |    22 ||    71
       Distracted        |       |     1 |     5 |     6 |     6 ||    18
  Eat: Chunk             |     2 |     8 |     9 |    20 |    16 ||    55
       Meat ration       |       |       |     1 |       |       ||     1
       Royal jelly       |       |       |       |     1 |       ||     1
       Fruit             |       |       |       |     1 |       ||     1
       Pizza             |       |       |       |     1 |       ||     1
Armor: Skin              |     5 |     4 |    11 |     2 |     5 ||    27
Dodge: Dodged            |    61 |    84 |   294 |   374 |   370 ||  1183
Block: Other             |       |       |       |     9 |       ||     9
       Reflection        |       |       |       |     1 |       ||     1
